 Dungeon Crawl Stone Soup version 0.18-a0-1526-gcb34c7c (webtiles) character file.

242 dvd the Slasher (level 6, -1/48 HPs)
             Began as a Human Chaos Knight on Mar 8, 2016.
             Killed from afar by an orc wizard (5 damage)
             ... with a puff of flame
             ... on level 4 of the Dungeon.
             The game lasted 00:09:10 (3076 turns).

dvd the Slasher (Human Chaos Knight)                Turns: 3076, Time: 00:09:11

Health: -1/48      AC:  7    Str: 13    XL:     6   Next: 30%
Magic:  6/6        EV: 11    Int: 12    God:    Xom [.*....]
Gold:   250        SH:  0    Dex: 14    Spells: 0 memorised, 5 levels left

rFire  + . .     SeeInvis .     a - +0 falchion (chaos)
rCold  . . .     Gourm    .     p - +1 ring mail {rF+}
rNeg   . . .     Faith    .     (no shield)
rPois  .         Spirit   .     (no helmet)
rElec  .         Dismiss  .     (no cloak)
rCorr  .         Reflect  .     j - +0 pair of gloves
SustAt .         Harm     .     (no boots)
MR     .....                    (no amulet)
Stlth  +.........               (no ring)
                                (no ring)

@: not resistant to hostile enchantments, very unstealthy
A: no striking features
a: Renounce Religion


You were on level 4 of the Dungeon.
You worshipped Xom.
You were a plaything of Xom.
You were very hungry.

You visited 1 branch of the dungeon, and saw 4 of its levels.

You collected 250 gold pieces.

Inventory:

Hand Weapons
 a - a +0 falchion of chaos (weapon)
 n - a +2 mace of holy wrath
Armour
 b - a +2 leather armour
 j - a +0 pair of gloves (worn)
 p - a +1 ring mail of fire resistance (worn)
Scrolls
 d - a scroll of teleportation
 e - a scroll of identify
 g - a scroll of remove curse
Comestibles
 c - a bread ration
 f - 2 meat rations
 i - a beef jerky


   Skills:
 + Level 3.8 Fighting
 + Level 4.3 Long Blades
 + Level 3.1 Armour
 + Level 3.0 Dodging
 + Level 1.6 Stealth


You had 5 spell levels left.
You didn't know any spells.

Dungeon Overview and Level Annotations

Branches:
Dungeon (4/15)
 Temple: D:4-7

Altars:
Fedhas
Xom
Yredelemnul

Annotations:
D:3 Sargon's ghost, amateur GrEE


Message History

The orc wizard hits you but does no damage.
You hit the orc wizard.
The orc wizard is lightly wounded.
The orc wizard closely misses you.
The orc wizard hits you but does no damage.
You aren't carrying any potions.
You hit the orc wizard.
You feel better.
The orc wizard is heavily wounded.
The orc wizard barely misses you. The orc wizard hits you with a dagger.
* * * LOW HITPOINT WARNING * * *
You hit the orc wizard.
The orc wizard looks slightly unstable.
The orc wizard is almost dead.
The orc wizard closely misses you.
You barely miss the orc wizard.
The orc wizard is almost dead.
The orc wizard closely misses you.
The orc wizard gestures at you while chanting.
The puff of flame hits you! You resist.
You die...
Xom yawns loudly!

.# .# .# ####.
# ##.... ..
####....# .##
#.......# ..#
#...@###..##
##.##o.....###
#...#...#....
#...#.....# #
#...#..#.##
##.##..#.# #.
#..#.####
#.##.......#
.#......##.#


You could see an orc wizard.

Vanquished Creatures
  2 orc priests (D:4)
  Ijyb (D:2)
  An iguana (D:4)
  Terence (D:1)
  4 adders
  2 oozes (D:2)
  A worm (D:3)
  3 dart slugs
  An orc (shapeshifter) (D:1)
  2 orcs (D:4)
  2 bats
  3 giant cockroaches
  4 goblins
  7 hobgoblins
  8 jackals (D:2)
  4 giant newts
  4 kobolds (D:1)
  6 rats
56 creatures vanquished.

Notes
Turn   | Place    | Note
--------------------------------------------------------------
     0 | D:1      | dvd the Human Chaos Knight began the quest for the Orb.
     0 | D:1      | Reached XP level 1. HP: 18/18 MP: 1/1
   112 | D:1      | Reached XP level 2. HP: 22/24 MP: 2/2
   206 | D:1      | XOM: divination: detect items
   434 | D:1      | Reached XP level 3. HP: 24/29 MP: 3/3
   435 | D:1      | Found a shimmering altar of Xom.
   485 | D:1      | XOM: harmless Erth miscast
   563 | D:1      | XOM: god gift: 55 gold pieces
   802 | D:2      | Found a basalt altar of Yredelemnul.
   802 | D:2      | Found a blossoming altar of Fedhas.
   813 | D:2      | XOM: harmless Fire miscast
   892 | D:2      | XOM: god gift: pair of gloves {god gift}
   895 | D:2      | XOM: give mutation
   895 | D:2      | Gained mutation: You occasionally shout uncontrollably at your foes. [Xom's mischief]
   980 | D:2      | XOM: harmless Erth miscast
  1103 | D:2      | Found a blossoming altar of Fedhas.
  1222 | D:2      | XOM: medium Fire miscast
  1604 | D:2      | XOM: noise
  1657 | D:2      | Noticed Terence
  1703 | D:1      | Killed Terence
  1703 | D:1      | Reached XP level 4. HP: 14/36 MP: 4/4
  2021 | D:2      | Noticed Ijyb
  2031 | D:2      | Reached skill level 1 in Stealth
  2045 | D:2      | Killed Ijyb
  2045 | D:2      | Reached skill level 4 in Long Blades
  2045 | D:2      | Reached XP level 5. HP: 33/41 MP: 5/5
  2173 | D:2      | XOM: smoke on damage
  2438 | D:3      | XOM: colour smoke trail
  2587 | D:3      | Noticed Sargon's ghost (amateur GrEE)
  2588 | D:3      | XOM: summons 5 hostile shadow creatures
  2657 | D:3      | XOM: silly message
  2658 | D:3      | XOM: confuse monster(s)
  2689 | D:2      | Lost mutation: You occasionally shout uncontrollably at your foes. [potion of cure mutation]
  2709 | D:2      | XOM: scenery: 2 doors open, 1 doors close
  2892 | D:4      | Noticed an ogre
  3057 | D:4      | Reached XP level 6. HP: 20/48 MP: 6/6
  3071 | D:4      | HP: 2/48 [orc wizard/puff of frost (11)]
  3076 | D:4      | Killed from afar by an orc wizard

Vault maps used:
D:1:      mrwooster_arrival_statue_3, xom_teletrap_fun
D:2:      gammafunk_temple_overflow_elements, fedhas_altar_3, uniq_terence,
          uniq_iyjb
D:3:      wad_woods_pond, nicolae_dithmenos_shadow_blocks, uniq_natasha
D:4:      minitemple, gup_sewer_entry_bubbles, hangedman_abyss_or_decor_stabs,
          okawaru_trees_1

Skill      XL: |  1  2  3  4  5  6 |
---------------+-------------------+-----
Stealth        | 1 |  1.6
Long Blades    | 4 |  4.3
Dodging        | 2 3 |  3.0
Armour         | 3 |  3.1
Fighting       | |  3.8

Action                   |  1- 3 |  4- 6 || total
-------------------------+-------+-------++-------
Melee: Falchion          |   104 |   129 ||   233
  Use: Scroll            |       |     7 ||     7
       Potion            |       |     3 ||     3
  Eat: Chunk             |     2 |     4 ||     6
